 Dungeon Crawl Stone Soup version 0.28-a0-1447-ga5a8893891 (webtiles) character file.

Game seed: 544327460318792334

187 Hasart the Insei (level 5, -1/34 HPs)
             Began as an Octopode Transmuter on Jan 10, 2022.
             Slain by a worm (4 damage)
             ... on level 3 of the Dungeon.
             The game lasted 00:05:20 (3120 turns).

Hasart the Insei (Octopode Transmuter)              Turns: 3120, Time: 00:05:21

Health: -1/34      AC:  1    Str: 11    XL:     5   Next: 66%
Magic:  9/9        EV: 13    Int: 16    God:
Gold:   90         SH:  0    Dex: 12    Spells: 6/9 levels left

rFire   . . .      SeeInvis .   a - +3 whip (drain)
rCold   . . .      Faith    .   c - orb {light}
rNeg    . . .      Spirit   .   (helmet restricted)
rPois   .          Reflect  .   (no amulet)
rElec   .          Harm     .   (no ring)
rCorr   .          Rampage  .   (no ring)
Will    .....                   (no ring)
Stlth   +.........              (no ring)
HPRegen 0.11/turn               (no ring)
MPRegen 0.11/turn               (no ring)
                                (no ring)
                                (no ring)

@: glowing
A: almost no armour, amphibious, 8 rings, camouflage 1, gelatinous body 1,
(nimble swimmer 1), tentacles
a: no special abilities


You were on level 3 of the Dungeon.
You visited 1 branch of the dungeon, and saw 3 of its levels.
You also visited: Sewer.

You collected 90 gold pieces.

Inventory:

Hand Weapons
 a - a +3 whip of draining (weapon)
Armour
 c - an orb of light (worn)
Jewellery
 g - a +6 ring of strength
Scrolls
 b - 3 scrolls of identify
 h - 2 scrolls of teleportation
Potions
 d - a potion of flight {unknown}
 e - a potion of curing {unknown}
 f - 2 potions of attraction
 i - a potion of degeneration
 j - a potion of brilliance {unknown}


   Skills:
 + Level 2.2 Fighting
 * Level 2.9 Maces & Flails
 + Level 2.8 Dodging
 - Level 3.0 Unarmed Combat
 + Level 2.7 Spellcasting
 + Level 2.8 Transmutations


You had 6 spell levels left.
You knew the following spells:

 Your Spells              Type           Power      Damage    Failure   Level
a - Beastly Appendage     Tmut           22%        N/A       6%          1
b - Wereblood             Tmut           11%        N/A       9%          2

Your spell library contained the following spells:

 Spells                   Type           Power      Damage    Failure   Level
 Spider Form              Tmut/Pois      6%         N/A       32%         3
 Stone Arrow              Conj/Erth      4%         3d7       50%         3
 Ice Form                 Ice/Tmut       6%         N/A       71%         4
 Lehudib's Crystal Spear  Conj/Erth      1%         10d2      100%        8
 Animate Armour           Summ/Erth      Unusable   N/A       N/A         4

Dungeon Overview and Level Annotations

Branches:
Dungeon (3/15)              Sewer (visited)

Altars:
Cheibriados
Ru

Annotations:
D:3 Terence


Innate Abilities, Weirdness & Mutations

You cannot wear most types of armour.
You are amphibious.
You can wear up to eight rings at the same time.
Your skin changes colour to match your surroundings (Stealth+).
Your rubbery body absorbs attacks. (AC +1, EV +1)
((You are camouflaged when in or above water. (Stealth+)))
You have tentacles for arms and can constrict up to eight enemies at once.


Message History

You kill the frilled lizard!
Your surroundings suddenly seem different.
No target in view!
No target in view!
No target in view!
An endoplasm comes into view.
Found a stone staircase leading up.
The endoplasm quivers.
An endoplasm is nearby!
A kobold comes into view. It is wielding a +0 short sword.
The kobold shouts!
You hit the endoplasm. You drain the endoplasm.
You kill the endoplasm!
You hit the kobold. You drain the kobold.
You kill the kobold!
Things that are here:
a +0 short sword; a kobold corpse
g - a +6 ring of strength A worm comes into view.
Found 9 gold pieces.
A worm is nearby!
A worm is nearby!
The worm barely misses you. The worm closely misses you.
The worm bites you but does no damage. The worm bites you!
The worm barely misses you. The worm closely misses you.
The worm closely misses you. The worm closely misses you. The worm bites you.
The worm misses you. The worm closely misses you. The worm misses you.
The worm bites you! The worm bites you. The worm bites you!
* * * LOW HITPOINT WARNING * * *
The worm bites you.
You die...

#### .... .$####
.....# #.##.#
#w##.# #@##.#
#.##.# #.##.###
..##......#
..........#.#
##.#.###..#.####
##..........# .
##.#.......# ..
##........#


You could see a worm.

Vanquished Creatures
  A water moccasin zombie (D:3)
  5 adders
  3 river rats (Sewer)
  A worm (D:2)
  An orc (D:3)
  6 ball pythons
  6 endoplasms
  5 giant cockroaches
  2 goblins
  2 hobgoblins
  7 kobolds
  5 quokkas
  4 bats (D:1)
  10 frilled lizards
  9 rats
67 creatures vanquished.

Notes
Turn   | Place    | Note
-------+----------+-------------------------------------------
     0 | D:1      | Hasart the Octopode Transmuter began the quest for the Orb.
     0 | D:1      | Reached XP level 1. HP: 13/13 MP: 3/3
   549 | D:1      | Reached XP level 2. HP: 15/18 MP: 5/5
   770 | D:1      | Reached skill level 1 in Maces & Flails
  1558 | D:2      | Reached XP level 3. HP: 23/23 MP: 6/6
  1566 | D:2      | Learned a level 2 spell: Wereblood
  1718 | D:2      | Found a sacrificial altar of Ru.
  2035 | D:3      | Found a snail-covered altar of Cheibriados.
  2037 | D:3      | Noticed Terence
  2218 | D:3      | Reached XP level 4. HP: 28/29 MP: 7/7
  2237 | D:3      | Found a glowing drain.
  2246 | Sewer    | Entered a sewer
  2360 | Sewer    | Reached XP level 5. HP: 34/34 MP: 8/8
  2411 | Sewer    | HP: 1/34 [poisoned by an adder]
  3120 | D:3      | Slain by a worm

Illustrated notes

Levels and vault maps discovered:
D:1:      eino_arrival_cavern_c, layout_basic
D:2:      layout_rooms, basic_altar, kennysheep_generic_room_14
D:3:      layout_loops_ring, nicolae_overflow_hidden_temple,
          gup_sewer_entry_pipe, dreamdust_ecumenical_altar_statues,
          uniq_terence, uniq_grinder

Skill      XL: |  1  2  3  4 |
---------------+-------------+-----
Maces & Flails | 1 2 |  2.9
Fighting       | 2 |  2.2
Dodging        | |  2.8
Unarmed Combat | |  3.0
Spellcasting   | |  2.7
Transmutations | |  2.8

Action                   |  1- 3 |  4- 6 || total
-------------------------+-------+-------++-------
Melee: Whip              |    70 |    52 ||   122
       Constrict         |    16 |    15 ||    31
       Tentacles         |    18 |     8 ||    26
       Punch             |     1 |     3 ||     4
  Use: Scroll            |       |     3 ||     3
       Potion            |       |     2 ||     2
 Stab: Sleeping          |     5 |       ||     5
Armor: Skin              |     9 |     6 ||    15
Dodge: Dodged            |    45 |    37 ||    82

Table legend: (Time is in decaauts)
 A = Elapsed time spent in this place.
 B = Non-inter-level travel time spent in this place.
 C = Inter-level travel time spent in this place.
 D = Time resting spent in this place.
 E = Time spent auto-exploring this place.
 F = Levels seen in this place.
 G = Mean time per level.
                   A        B        C        D        E       F      G
               +--------+--------+--------+--------+--------+-----+--------+
         Total |   3121 |   2980 |    141 |      0 |   2437 |   4 |  780.2 |
       Dungeon |   2327 |   2186 |    141 |      0 |   1820 |   3 |  775.7 |
         Sewer |    794 |    794 |      0 |      0 |    617 |   1 |  794.0 |
               +--------+--------+--------+--------+--------+-----+--------+

Top non-repeatable levels by time:
     D:1: 1553 daAuts
   Sewer: 794 daAuts
     D:2: 453 daAuts
     D:3: 320 daAuts
